 Dungeon Crawl Stone Soup version 0.32-a0-616-g9348d4545b (webtiles) character file.

Game seed: 12150419921749573814

3742541 Implojin the Middleweight Champion (level 27, 292/292 HPs)
             Began as a Mountain Dwarf Monk on Mar 5, 2024.
             Was a Priest of Yredelemnul.
             Escaped with the Orb
             ... and 5 runes
             ... and 2 gems (1 intact)!
             The game lasted 03:39:47 (60792 turns).

Implojin the Middleweight Champion (MDMo)          Turns: 60792, Time: 03:39:48

Health: 292/292    AC: 43    Str: 34 (35) XL:     27
Magic:  30/30      EV: 13    Int: 18      God:    Yredelemnul [***...]
Gold:   7735       SH: 30    Dex: 10      Spells: 26/26 levels left

rFire   + +          +
                       - Unarmed
rCold   + + .        h - +2 tower shield {AC+3}
rNeg    . . .        I - +10 plate armour {ponderous}
rPois   +            f - +2 hat "Wagedas" {Str+3 Int+6 SInv}
rElec   +            v - +2 cloak {rCorr}
rCorr   +            J - +2 pair of gloves {Str+3}
SInv    +            r - +2 pair of boots of Atheism {rF+ Str+2}
Will    +++..        X - amulet of Koifues {Reflect rElec rPois Regen+ SH+5 Clar} Stlth
                     l - ring "Daycapu" {rF++ rC+}
HPRegen 2.28/turn    u - ring of the Invisible Hand {Fly rElec rC+ Slay+4}
MPRegen 0.22/turn

%: reflection, clarity
@: flying, wreathed by umbra, studying 4 skills, slow
A: runic magic, artefact enchanting, clarity, clumsy 1, deformed body, low MP 1,
strong-willed 1, regeneration 1, robust 1, wild magic 1, inability to drink
after injury 1, inability to read after injury 1, MP-powered wands
0: Orb of Zot
}: 5/15 runes: decaying, serpentine, slimy, silver, abyssal
a: Renounce Religion, Light the Black Torch, Recall Undead Harvest, Hurl
Torchlight


You escaped.
You worshipped Yredelemnul.
Yredelemnul was pleased with you.
You visited 11 branches of the dungeon, and saw 53 of its levels.
You visited the Abyss 1 time.
You also visited: Ossuary, Bailey, Gauntlet, Wizlab and Desolation.

You collected 10958 gold pieces.
You spent 3223 gold pieces at shops.

Inventory:

Missiles
 i - 9 curare-tipped darts
 j - 50 boomerangs
 t - 7 silver javelins
 G - 28 javelins
 W - 2 throwing nets (quivered)
Armour
 a - a +2 cloak of willpower
 f - the +2 hat "Wagedas" (worn) {Str+3 Int+6 SInv}
   (You found it on level 1 of the Orcish Mines)

   Str+3:     It affects your strength (+3).
   Int+6:     It affects your intelligence (+6).
   SInv:      It lets you see invisible.
 h - a +2 tower shield of protection (worn)
 o - the +1 pair of gloves of the Monkey's Uncle {rC+ MP+9 Int+3 Slay+2}
   (You found it on level 5 of the Pits of Slime)

   Int+3:     It affects your intelligence (+3).
   Slay+2:    It affects your accuracy & damage with ranged weapons and melee
   (+2).
   rC+:       It protects you from cold.
   MP+9:      It affects your magic capacity (+9).
 q - the +0 pair of gloves of the Lion {rF+}
   (You found it in a Gauntlet)

   rF+:       It protects you from fire.
 r - the +2 pair of boots of Atheism (worn) {rF+ Str+2}
   (You found it in a Gauntlet)

   Str+2:     It affects your strength (+2).
   rF+:       It protects you from fire.
 v - a +2 cloak of preservation (worn)
 I - a +10 plate armour of ponderousness (worn)
 J - a +2 pair of gloves of strength (worn)
 U - the +0 helmet of the Sea {rF+ Str-2 Dex+2 SInv}
   (You found it on level 4 of the Swamp)

   Str-2:     It affects your strength (-2).
   Dex+2:     It affects your dexterity (+2).
   rF+:       It protects you from fire.
   SInv:      It lets you see invisible.
Jewellery
 l - the ring "Daycapu" (left hand) {rF++ rC+}
   (You found it on level 3 of the Elven Halls)

   [ring of protection from cold]

   rF++:      It greatly protects you from fire.
   rC+:       It protects you from cold.
 p - the ring of Petees {Ice rElec Will+ Int+3}
   (You found it on level 3 of the Depths)

   [ring of ice]

   Ice:       It enhances your ice magic.
   Int+3:     It affects your intelligence (+3).
   rF-:       It makes you vulnerable to fire.
   rC+:       It protects you from cold.
   rElec:     It insulates you from electricity.
   Will+:     It increases your willpower.
 u - the ring of the Invisible Hand (right hand) {Fly rElec rC+ Slay+4}
   (You took it off a deep elf zephyrmancer on level 3 of the Elven Halls)

   [ring of slaying]

   Slay+4:    It affects your accuracy & damage with ranged weapons and melee
   (+4).
   rC+:       It protects you from cold.
   rElec:     It insulates you from electricity.
   Fly:       It grants you flight.
 x - the amulet of Xefferats {Regen+ Dex+2 Slay+3}
   (You took it off a purple draconian on level 4 of the Realm of Zot)

   [amulet of regeneration]

   Dex+2:     It affects your dexterity (+2).
   Slay+3:    It affects your accuracy & damage with ranged weapons and melee
   (+3).
   Regen+:    It increases your rate of health regeneration.
 H - the ring of Qijutarr {*Corrode rN+ Will+ MP+9 Int+3 Dex+6}
   (You found it in the Desolation of Salt)

   [ring of dexterity]

   Int+3:     It affects your intelligence (+3).
   Dex+6:     It affects your dexterity (+6).
   rN+:       It protects you from negative energy.
   Will+:     It increases your willpower.
   MP+9:      It affects your magic capacity (+9).
   *Corrode:  It may corrode you when you take damage.
 X - the amulet of Koifues (around neck) {Reflect rElec rPois Regen+ SH+5 Clar}
   (You bought it in a shop on level 1 of the Depths)

   [amulet of reflection]

   Reflect:   It reflects blocked missile attacks.
   rElec:     It insulates you from electricity.
   rPois:     It protects you from poison.
   Clar:      It protects you from confusion, rage, mesmerisation and fear.
   Regen+:    It increases your rate of health regeneration.
   SH+5:      It affects your SH (+5).
Wands
 y - a wand of quicksilver (29)
 N - a wand of roots (90)
 O - a wand of digging (23)
 P - a wand of paralysis (41)
Scrolls
 n - 10 scrolls of vulnerability
 w - 7 scrolls of immolation
 C - 3 scrolls of blinking
 E - 14 scrolls of teleportation
 F - 2 scrolls of silence
 T - 5 scrolls of fear
 V - 8 scrolls of revelation
 Z - a scroll of fog
Potions
 b - 11 potions of ambrosia
 d - 7 potions of magic
 e - 4 potions of attraction
 g - 9 potions of mutation
 k - a potion of might
 m - 16 potions of curing
 z - 4 potions of berserk rage
 A - 6 potions of enlightenment
 B - a potion of haste
 D - a potion of cancellation
 L - 3 potions of invisibility
 M - a potion of resistance
 S - 6 potions of heal wounds
Miscellaneous
 c - a phantom mirror
 K - a phial of floods
 Q - a sack of spiders (inert)


   Skills:
 - Level 25.0 Fighting
 - Level 3.0 Throwing
 - Level 25.0 Armour
 - Level 12.0 Dodging
 * Level 25.3 Shields
 O Level 27 Unarmed Combat
 - Level 15.0 Invocations


You had 26 spell levels left.
You didn't know any spells.
Your spell library contained the following spells:

 Spells                   Type           Power      Damage    Failure   Level
 Apportation              Tloc           0%         N/A       38%         1
 Foxfire                  Conj/Fire      0%         2x1d4     38%         1
 Freeze                   Ice            0%         1d3       38%         1
 Kiss of Death            Conj/Necr      0%         2d5       38%         1
 Magic Dart               Conj           0%         1d3       38%         1
 Necrotise                Necr           0%         1d4       38%         1
 Sandblast                Erth           0%         2d4       38%         1
 Shock                    Conj/Air       0%         1d3       38%         1
 Slow                     Hex            0%         N/A       38%         1
 Blink                    Tloc           0%         N/A       52%         2
 Call Imp                 Summ           0%         N/A       52%         2
 Cigotuvi's Dreadful Rot  Necr/Alch/Air  0%         N/A       52%         2
 Ensorcelled Hibernation  Hex/Ice        0%         N/A       52%         2
 Jinxbite                 Hex            0%         N/A       52%         2
 Lesser Beckoning         Tloc           0%         N/A       52%         2
 Mercury Vapours          Alch/Air       0%         N/A       52%         2
 Momentum Strike          Conj/Tloc      0%         3d8       52%         2
 Searing Ray              Conj           0%         2d4       52%         2
 Sublimation of Blood     Necr           0%         N/A       52%         2
 Call Canine Familiar     Summ           0%         N/A       75%         3
 Confusing Touch          Hex            0%         N/A       75%         3
 Dazzling Flash           Conj/Hex       0%         N/A       75%         3
 Frozen Ramparts          Ice            0%         1d1       75%         3
 Fugue of the Fallen      Necr           0%         N/A       75%         3
 Gell's Gravitas          Tloc           0%         N/A       75%         3
 Hailstorm                Conj/Ice       0%         3d5       75%         3
 Inner Flame              Hex/Fire       0%         N/A       75%         3
 Mephitic Cloud           Conj/Alch/Air  0%         N/A       75%         3
 Ozocubu's Armour         Ice            0%         N/A       75%         3
 Passwall                 Erth           0%         N/A       75%         3
 Sigil of Binding         Hex            0%         N/A       75%         3
 Stone Arrow              Conj/Erth      0%         3d7       75%         3
 Summon Ice Beast         Ice/Summ       0%         N/A       75%         3
 Swiftness                Air            0%         N/A       75%         3
 Teleport Other           Tloc           0%         N/A       75%         3
 Vampiric Draining        Necr           0%         2d6       75%         3
 Volatile Blastmotes      Fire/Tloc      0%         2d10      75%         3
 Anguish                  Hex/Necr       0%         N/A       98%         4
 Animate Armour           Summ/Erth      0%         N/A       98%         4
 Brom's Barrelling Bould  Conj/Erth      0%         2d3       98%         4
 Cause Fear               Hex            0%         N/A       98%         4
 Dimensional Bullseye     Hex/Tloc       0%         N/A       98%         4
 Dispel Undead            Necr           0%         3d6       98%         4
 Fulminant Prism          Conj/Alch      0%         3d5       98%         4
 Ignite Poison            Fire/Alch      0%         N/A       98%         4
 Iskenderun's Mystic Bla  Conj/Tloc      0%         2d3       98%         4
 Leda's Liquefaction      Alch/Erth      0%         N/A       98%         4
 Martyr's Knell           Necr/Summ      0%         N/A       98%         4
 Olgreb's Toxic Radiance  Alch           0%         N/A       98%         4
 Passage of Golubria      Tloc           0%         N/A       98%         4
 Petrify                  Alch/Erth      0%         N/A       98%         4
 Sticky Flame             Fire/Alch      0%         2d4       98%         4
 Summon Blazeheart Golem  Fire/Summ      0%         N/A       98%         4
 Summon Lightning Spire   Summ/Air       0%         N/A       98%         4
 Vhi's Electric Charge    Tloc/Air       0%         N/A       98%         4
 Alistair's Intoxication  Alch           0%         N/A       100%        5
 Arcjolt                  Conj/Air       0%         1d10      100%        5
 Borgnjor's Vile Clutch   Necr/Erth      0%         N/A       100%        5
 Fireball                 Conj/Fire      0%         3d3       100%        5
 Freezing Cloud           Conj/Ice/Air   0%         6-21      100%        5
 Irradiate                Conj/Alch      0%         3d11      100%        5
 Iskenderun's Battlesphe  Conj           0%         2d6       100%        5
 Lee's Rapid Deconstruct  Erth           0%         3d4*      100%        5
 Metabolic Englaciation   Hex/Ice        0%         N/A       100%        5
 Silence                  Hex/Air        0%         N/A       100%        5
 Summon Forest            Summ/Tloc      0%         N/A       100%        5
 Summon Mana Viper        Hex/Summ       0%         N/A       100%        5
 Yara's Violent Unravell  Hex/Alch       0%         3d3       100%        5
 Bombard                  Conj/Erth      0%         9d1       100%        6
 Dispersal                Tloc           0%         N/A       100%        6
 Plasma Beam              Fire/Air       0%         2x1d10    100%        6
 Sculpt Simulacrum        Ice/Alch       0%         N/A       100%        6
 Summon Cactus Giant      Summ           0%         N/A       100%        6
 Enfeeble                 Hex            0%         N/A       100%        7
 Haunt                    Necr/Summ      0%         N/A       100%        7
 Malign Gateway           Summ/Tloc      0%         N/A       100%        7
 Orb of Destruction       Conj           0%         9d5       100%        7
 Ozocubu's Refrigeration  Ice            0%         4d7       100%        7
 Spellforged Servitor     Conj/Summ      0%         N/A       100%        7
 Summon Hydra             Summ           0%         N/A       100%        7
 Borgnjor's Revivificati  Necr           0%         N/A       100%        8
 Discord                  Hex            0%         N/A       100%        8
 Ignition                 Fire           0%         3d3       100%        8
 Lehudib's Crystal Spear  Conj/Erth      0%         10d2      100%        8
 Maxwell's Capacitive Co  Air            0%         ∞         100%        8
 Summon Horrible Things   Summ           0%         N/A       100%        8
 Death's Door             Necr           0%         N/A       100%        9
 Polar Vortex             Ice            0%         N/A       100%        9
 Shatter                  Erth           0%         3d5*      100%        9
 Animate Dead             Necr           Unusable   N/A       N/A         4
 Death Channel            Necr           Unusable   N/A       N/A         6

Dungeon Overview and Level Annotations

Branches:
Dungeon (15/15)            Temple (1/1) D:5            Lair (5/5) D:11
  Swamp (4/4) Lair:2        Snake (4/4) Lair:3        Slime (5/5) Lair:4
    Orc (2/2) D:10            Elf (3/3) Orc:2        Vaults (5/5) D:14
  Crypt (0/3) Vaults:3     Depths (4/4) D:15            Zot (5/5) Depths:4
Ossuary (visited)          Bailey (visited)          WizLab (visited)
Desolation (visited)      Gauntlet (visited)

Altars:
Ashenzari
Cheibriados
Dithmenos
Elyvilon
Fedhas
Gozag
Hepliaklqana
Kikubaaqudgha
Makhleb
Nemelex Xobeh
Okawaru
Qazlal
Ru
Sif Muna
Trog
Uskayaw
Vehumet
Wu Jian
Xom
Yredelemnul
Zin
The Shining One
Beogh
Jiyva

Shops:
D:6 (   D:15 [[   Orc:2 *=[[   Elf:2 (   Vaults:1 :   Vaults:2 ?   Depths:1 *

Portals:
Hell: Depths:1 Depths:3 Depths:4
Abyss: Depths:3
Pandemonium: Depths:2
Ziggurat: Depths:4
Trove: Vaults:4 (give +3 gold dragon scales)

Annotations:
Elf:2 1 runed translucent door


Innate Abilities, Weirdness & Mutations

Your spellcasting is much less encumbered by armour.
You can use scrolls of enchantment on lesser artefacts.
You possess an exceptional clarity of mind.
You are clumsy. (Dex -2)
Armour fits poorly on your strangely shaped body.
Your magical capacity is low. (-10% MP)
You are strong-willed. (Will+)
Your natural rate of healing is unusually fast.
You are robust. (+10% HP)
Your spells are a little harder to cast, but a little more powerful.
You occasionally lose the ability to drink potions when taking damage.
You occasionally lose the ability to read scrolls when taking damage.
You expend magic power (3 MP) to strengthen your wands.


Message History

Where to? (Tab/Enter - D:1 @ (x,y), ? - help) HP restored.
There is a stone staircase leading up here.
You fly upwards.
There is a stone staircase leading down, spattered with blood here.
There is a stone staircase leading up here.
You fly upwards.
There is a stone staircase leading down here.
There is an open door here.
A blizzard demon comes into view.
You hit the blizzard demon.
The blizzard demon is lightly wounded.
You pummel the blizzard demon!!
The blizzard demon is moderately wounded.
The blizzard demon gestures at you. The freezing blast engulfs you. You resist.
You hit the blizzard demon but do no damage.
The blizzard demon is moderately wounded.
You are engulfed in freezing vapours.
You resist.
You pummel the blizzard demon!!
The blizzard demon is severely wounded.
You are engulfed in freezing vapours.
You resist.
The blizzard demon is engulfed in freezing vapours.
The blizzard demon closely misses you.
The blizzard demon hits you but does no damage.
You hit the blizzard demon.
The blizzard demon is severely wounded.
You are engulfed in freezing vapours.
You resist.
You squash the blizzard demon like an ant!!!!
You kill the blizzard demon!
With your torch unlit, their soul goes wasted...
A black mist starts to gather...
You are engulfed in freezing vapours.
You resist.
You are engulfed in freezing vapours.
You resist.
A blizzard demon comes into view.
You are engulfed in freezing vapours.
You resist.
Your spectral blizzard demon is engulfed in freezing vapours.
There is a staircase leading out of the dungeon here.
Enter note: :new yred seems beast You have escaped!

##.##Z........#
##.##Z.######.#### ######
...>.......##....###########.....
.#.#.....÷...................####
.#.#.#####.#####.#####.#####.####
.#....###...###...###...###..#...
...#...#.....#.....#.....#.......
####....#####.......#####....#.##
#.....###....@....###.......#
##.....#...........#......###
##......#####.#####.....#.#
##........###Z..###.....##.#
##........°°#.....#.....###.##
##...........Z#####.....## #..##
#......2......°###.....#####...##
+...............#................
#.........##...÷.....#######...##


You could see a friendly spectral blizzard demon.

Vanquished Creatures
  the Royal Jelly (Slime:5)
  A dread lich (Zot:5)
  2 ancient liches (Zot:5)
  5 orbs of fire (Zot:5)
  A juggernaut (Depths:2)
  The ghost of Caurgh the Slayer, a veteran OnBe of Trog (Zot:2)
  2 pandemonium lords
  4 shard shrikes (Zot:2)
  5 Killer Klowns
  3 caustic shrikes
  6 curse toes
  9 golden dragons
  A bone dragon (Abyss:4)
  3 electric golems
  A Brimstone Fiend (D:4)
  The ghost of MrSquiggles the Hoplite, an adept MiFi of Okawaru (Elf:3)
  An Ice Fiend (Zot:1)
  9 tentacled monstrosities
  2 Hell Sentinels
  A walking earthen tome (Depths:2)
  A walking frostbound tome (Depths:3)
  21 Orb Guardians
  The ghost of eruonna the Slayer, an adept MiBe of Trog (Snake:4)
  A lich (D:6)
  2 deep elf blademasters (Elf:3)
  2 deep elf master archers (Elf:3)
  10 quicksilver dragons
  3 titans
  A kraken (Abyss:4)
  11 death cobs
  14 acid blobs
  An Executioner (D:5)
  3 sphinxes
  A tentacled starspawn (Abyss:4)
  An ancient champion (Vaults:3)
  10 storm dragons
  Kirke (Swamp:1)
  Roxanne (Elf:2)
  7 azure jellies
  5 tengu reavers
  2 protean progenitors
  12 shadow dragons
  7 rockslimes (Slime:5)
  9 draconian knights
  7 draconian monks
  An iron dragon (Depths:3)
  2 draconian scorchers
  2 nagarajas (Snake:4)
  6 fire giants
  4 draconian shifters
  An imperial myrmidon (Desolation)
  The ghost of javelincjr the Fighter, a journeyman DsWr of Beogh (Swamp:4)
  A juggernaut zombie (Depths:3)
  7 ghost moths
  2 frost giants
  4 deep elf sorcerers
  10 vault wardens
  2 deep elf elementalists (Elf:3)
  4 draconian annihilators
  A balrug (Depths:1)
  2 orc warlords (Vaults:3)
  A draconian stormcaller (Zot:4)
  11 ironbound preservers
  2 spriggan defenders (Depths:2)
  10 very ugly things
  A demonspawn corrupter (Zot:4)
  A broodmother (shapeshifter) (Vaults:5)
  5 quicksilver oozes
  10 formless jellyfish
  A vampire knight (Depths:4)
  8 black draconians
  A rockslime zombie (Slime:5)
  7 ironbound thunderhulks
  5 stone giants
  5 deep elf demonologists (Elf:3)
  2 green draconians
  A demonspawn black sun (Zot:4)
  17 purple draconians
  A halazid warlock (Desolation)
  2 deep elf death magi
  5 yellow draconians
  4 spark wasps (Depths:3)
  An eleionoma (Swamp:1)
  9 red draconians
  3 bunyips
  4 deep elf annihilators (Elf:3)
  10 white draconians
  A minotaur (Gauntlet)
  4 war gargoyles
  11 dire elephants
  Snorg (Orc:1)
  A blizzard demon (D:1)
  A spectral acid blob (Slime:5)
  7 ettins
  7 fire dragons
  6 ragged hierophants (Desolation)
  An entropy weaver (shapeshifter) (Elf:1)
  A rakshasa (Depths:3)
  3 crystal guardians
  6 ice dragons
  A shambling mangrove (Abyss:4)
  8 servants of whispers (Desolation)
  2 entropy weavers
  10 yaktaur captains
  7 hydras
  6 great orbs of eyes
  Erolcha (D:12)
  6 deep elf high priests
  10 peacekeepers
  A spectral elf (Vaults:5)
  3 ghost crabs
  9 centaur warriors
  23 vault guards (Vaults:5)
  A spriggan air mage (Depths:2)
  A hell beast (Zot:1)
  6 ogre magi
  A catoblepas (Lair:5)
  4 salamander tyrants
  9 ironbound frosthearts
  A boulder beetle (D:11)
  3 anacondas
  16 dancing weapons
  7 alligators
  5 death yaks (Lair:3)
  An orc high priest (Orc:1)
  16 two-headed ogres
  A thrashing horror (Abyss:4)
  A spriggan berserker (Depths:2)
  3 shock serpents (Snake:2)
  A quicksilver ooze zombie (Slime:5)
  2 tengu warriors (D:15)
  13 naga sharpshooters
  7 deep troll shamans
  3 deep troll earth magi
  2 occultists
  9 naga warriors
  2 soul eaters
  3 hell knights
  A shadow wraith (Vaults:5)
  7 deep elf knights
  2 iron trolls (Depths:4)
  4 sun demons
  A goliath frog (Swamp:1)
  3 salamander mystics (Snake:4)
  8 skeletal warriors
  4 wretched stars (Abyss:4)
  A fire crab (Abyss:4)
  2 sea snakes (Snake:1)
  A sixfirhy (D:6)
  A quicksilver dragon simulacrum (Abyss:4)
  46 deep trolls
  2 glowing orange brains
  An anaconda zombie (Abyss:4)
  4 large abominations
  A shadow demon (Zot:4)
  6 arcanists
  7 lindwurms
  3 spriggan druids
  2 flayed ghosts (Depths:2)
  5 naga ritualists
  8 mana vipers
  2 orc knights
  7 deep elf archers
  7 swamp dragons
  A steelbarb worm (shapeshifter) (Vaults:5)
  3 harpies (Vaults:2)
  A tengu zombie (Vaults:5)
  2 necromancers
  A thermic dynamo (Elf:1)
  5 spectral humans (Vaults:5)
  21 ironbound convokers
  A tengu skeleton (Vaults:3)
  18 deep elf zephyrmancers
  2 lightning spires (WizLab)
  2 phantasmal warriors (Vaults:5)
  19 ugly things
  A fire giant zombie (Vaults:5)
  4 manticores
  18 deep elf pyromancers
  2 orc sorcerers
  2 shining eyes
  An oklob plant (Orc:2)
  11 salamanders
  3 cyclopes
  19 moths of wrath
  A stone giant skeleton (Vaults:3)
  5 guardian serpents
  An apocalypse crab (Abyss:4)
  14 vault sentinels
  18 black mambas
  13 naga magi
  A water nymph (shapeshifter) (Vaults:5)
  A kobold blastminer (Orc:1)
  9 elephants
  2 spectral slime creatures (Slime:5)
  4 gargoyles
  8 starcursed masses (Abyss:4)
  2 smoke demons
  8 cane toads
  5 molten gargoyles
  2 unseen horrors (D:12)
  2 elf skeletons (Vaults:3)
  7 komodo dragons
  An unseen horror (shapeshifter) (Depths:2)
  A rime drake (Lair:5)
  A kobold demonologist (D:10)
  An efreet (Abyss:4)
  A yaktaur (shapeshifter) (D:14)
  A tengu conjurer (D:14)
  A queen bee (Lair:1)
  26 yaktaurs
  3 trolls
  An ancient zyme (Abyss:4)
  8 polar bears (Lair:5)
  A bloated husk (Swamp:2)
  6 tyrant leeches
  39 saltlings (Desolation)
  A hornet (Swamp:1)
  A glass eye (Slime:5)
  11 blink frogs
  A wind drake (shapeshifter) (Abyss:4)
  5 raiju
  2 dream sheep (D:10)
  29 slime creatures
  2 air elementals
  A centaur simulacrum (D:15)
  2 ettin skeletons (Vaults:3)
  3 spriggans
  2 shadows
  3 small abominations (Abyss:4)
  A ynoxinul (Abyss:4)
  14 yaks
  2 water elementals (Elf:3)
  5 wyverns
  A hog (Swamp:1)
  3 fire elementals
  A wraith (D:13)
  A golden eye (Lair:4)
  A golden eye (shapeshifter) (D:13)
  A human (Swamp:1)
  A neqoxec (Abyss:4)
  3 wargs
  A redback (Gauntlet)
  A basilisk (shapeshifter) (Elf:1)
  6 vampire mosquitoes
  33 nagas
  6 swamp worms
  7 water moccasins
  8 hell hounds (Lair:5)
  5 black bears
  An ice beast (D:5)
  29 orc warriors
  6 laughing skulls (Abyss:4)
  A sky beast (D:6)
  An ettin simulacrum (Vaults:1)
  7 centaurs
  A boggart (Vaults:3)
  2 elf zombies
  26 ogres
  4 human skeletons (Vaults:3)
  7 wolves
  5 phantoms
  3 weeping skulls (D:5)
  8 earth elementals
  A kobold brigand (D:9)
  6 bullfrogs
  A gnoll sergeant (D:9)
  5 scorpions
  2 water moccasin zombies (D:5)
  A wight (D:5)
  17 killer bees
  3 electric eels
  3 vampire bats (D:7)
  4 howler monkeys
  2 hounds
  A human zombie (D:5)
  4 bombardier beetles
  6 bullfrog zombies
  3 gnoll boudas
  16 orc priests
  3 jellies
  An iron imp (Orc:1)
  Jessica (D:2)
  2 iguanas
  12 orc wizards
  A sleepcap (D:6)
  A scorpion zombie (D:5)
  Ijyb (D:3)
  3 hell rats (Lair:5)
  A killer bee zombie (Ossuary)
  3 crocodile zombies (Ossuary)
  6 hound zombies (Ossuary)
  8 mummies
  7 howler monkey zombies
  6 adders
  20 gnolls
  4 shadow imps
  4 white imps
  A ribbon worm (D:2)
  75 orcs
  9 ball pythons
  2 bat skeletons (D:7)
  4 bat zombies (D:7)
  5 endoplasms
  2 giant cockroaches (D:3)
  19 goblins
  15 hobgoblins
  7 quokkas
  2 ball python zombies (Ossuary)
  5 bats
  4 frilled lizards
  11 kobolds
  6 rats
  4 tentacles (Abyss:4)
1687 creatures vanquished.

Vanquished Creatures (collateral kills)
  An orb of fire (Zot:3)
  A juggernaut (Depths:3)
  2 Killer Klowns (Zot:4)
  A curse toe (Zot:1)
  Nikola (Swamp:1)
  the Enchantress (Depths:2)
  An electric golem (Zot:5)
  A tentacled monstrosity (Depths:3)
  Zenata (Elf:2)
  Jorgrun (Swamp:3)
  2 liches
  A walking earthen tome (Depths:2)
  6 Orb Guardians (Zot:5)
  A titan (Vaults:5)
  A sphinx (Vaults:5)
  3 quicksilver dragons
  An acid blob (Slime:3)
  Asterion (Vaults:2)
  5 death cobs
  11 storm dragons
  Aizul (Snake:4)
  4 draconian monks
  Agnes (Snake:4)
  Donald (Snake:4)
  A rockslime (Slime:3)
  A nagaraja (Snake:4)
  3 shadow dragons
  5 tengu reavers
  A protean progenitor (Zot:1)
  A fenstrider witch (Swamp:4)
  6 fire giants
  2 draconian knights
  3 vault wardens
  3 frost giants
  4 iron dragons (Depths:3)
  3 deep elf elementalists
  2 deep elf sorcerers (Elf:3)
  2 draconian scorchers
  3 draconian shifters
  A ghost moth (Zot:1)
  Louise (Swamp:1)
  2 juggernaut zombies (Depths:3)
  An orc warlord (Bailey)
  6 ironbound preservers
  A spriggan defender (Depths:2)
  A reaper (Depths:3)
  6 stone giants
  A draconian annihilator (Zot:5)
  A very ugly thing (Depths:1)
  4 formless jellyfish
  3 eleionomae
  3 deep elf death magi
  4 ironbound thunderhulks
  6 yellow draconians
  6 purple draconians
  2 dire elephants (Vaults:3)
  3 bunyips
  3 deep elf annihilators (Elf:3)
  5 black draconians
  3 white draconians
  A green draconian (Depths:4)
  4 red draconians
  2 war gargoyles (WizLab)
  2 spark wasps (Depths:4)
  3 ettins
  3 fire dragons
  8 yaktaur captains
  3 crystal guardians
  A vault guard (Vaults:5)
  7 hydras
  3 ragged hierophants (Desolation)
  3 deep elf high priests
  2 peacekeepers (Desolation)
  A shambling mangrove (Swamp:3)
  4 great orbs of eyes
  A hell beast (Depths:3)
  3 salamander tyrants
  4 ice dragons
  A spriggan air mage (Depths:2)
  An ironbound frostheart (Vaults:3)
  8 centaur warriors
  An anaconda (Snake:4)
  6 alligators
  3 boulder beetles
  11 dancing weapons
  5 two-headed ogres
  A death yak (Lair:3)
  An orc high priest (Orc:2)
  A vampire mage (Depths:1)
  A demonic crawler (Zot:1)
  A deep troll shaman (Depths:2)
  2 deep troll earth magi
  A naga sharpshooter (Snake:4)
  2 tengu warriors
  2 hell hogs
  3 naga warriors
  2 soul eaters
  A spriggan berserker (Depths:4)
  3 hell knights (Depths:2)
  3 sun demons (Depths:3)
  9 deep elf knights
  A fire crab (Abyss:4)
  A skyshark (Lair:4)
  A sea snake (Snake:1)
  2 goliath frogs
  A salamander mystic (Snake:4)
  2 spriggan druids
  A spark wasp zombie (Depths:3)
  23 deep trolls
  An ogre zombie (Vaults:1)
  A spriggan rider (Swamp:3)
  2 glowing orange brains
  A swamp dragon (Swamp:4)
  3 naga ritualists (Snake:4)
  4 arcanists
  2 lindwurms (Lair:5)
  3 bog bodies (Swamp:4)
  8 deep elf archers
  7 ironbound convokers
  3 phantasmal warriors
  4 thermic dynamos
  An orange crystal statue (Elf:2)
  8 deep elf zephyrmancers
  A sea snake (shapeshifter) (Vaults:5)
  15 deep elf pyromancers
  An orc knight (Vaults:4)
  3 necromancers
  An oklob plant (Lair:2)
  A harpy (Vaults:3)
  3 cyclopes
  4 salamanders (Snake:4)
  10 ugly things
  A shining eye (Slime:5)
  2 will-o-the-wisps (Swamp:3)
  8 elephants
  A fire giant skeleton (Vaults:3)
  12 moths of wrath
  3 naga magi
  3 guardian serpents (Snake:4)
  11 vault sentinels
  A torpor snail (Lair:4)
  A stone giant skeleton (Vaults:3)
  3 black mambas
  2 water nymphs (Swamp:1)
  4 cane toads
  A molten gargoyle (Desolation)
  An eye of devastation (Slime:5)
  5 gargoyles
  5 smoke demons
  A rime drake (Lair:5)
  3 komodo dragons
  A hellion (Depths:3)
  20 yaktaurs
  A tengu conjurer (Depths:2)
  A human skeleton (Vaults:3)
  A merfolk (shapeshifter) (Elf:3)
  3 bloated husks (Swamp:2)
  A troll (D:12)
  2 polar bears (Lair:5)
  A raiju (Abyss:2)
  8 saltlings (Desolation)
  3 tyrant leeches
  2 hornets
  A glass eye (Slime:5)
  12 blink frogs
  A dream sheep (D:10)
  19 slime creatures
  3 spriggans
  An air elemental (Elf:2)
  13 yaks
  4 wraiths
  2 wyverns
  A hog (Swamp:1)
  3 fire elementals
  3 water elementals
  A basilisk (shapeshifter) (Elf:1)
  6 wargs (Lair:5)
  2 redbacks (Gauntlet)
  A steam dragon (D:11)
  4 vampire mosquitoes
  18 nagas
  9 swamp worms
  3 hell hounds (Lair:5)
  3 water moccasins
  5 swamp drakes
  3 orc warriors
  A sky beast (D:7)
  A human zombie (Vaults:1)
  8 black bears
  4 boggarts (Vaults:3)
  A small abomination (Abyss:4)
  6 ogres (Orc:2)
  10 wolves
  3 centaurs
  4 bullfrogs
  5 earth elementals
  10 killer bees (Lair:1)
  A howler monkey (D:7)
  3 electric eels
  A crimson imp (Orc:1)
  A quasit (Abyss:4)
  3 orc priests
  An iguana (D:7)
  7 orc wizards
  3 hell rats (Lair:5)
  5 gnolls
  A shadow imp (D:7)
  2 white imps (D:7)
  2 ufetubi (D:7)
  30 orcs
  A bat skeleton (D:7)
  4 goblins (Bailey)
  4 hobgoblins (Bailey)
  A bat (D:2)
  2 kobolds (D:9)
751 creatures vanquished.

Vanquished Creatures (others)
  An Orb Guardian (Zot:5)
  A spectral Killer Klown (Zot:5)
  2 spectral tentacled monstrosities
  A spectral naga (Swamp:4)
  A spectral titan (Vaults:5)
  3 spectral golden dragons
  A spectral angel (Elf:3)
  A spectral eleionoma (Vaults:1)
  A spectral storm dragon (Zot:2)
  A spectral formless jellyfish (Desolation)
  2 quicksilver dragon zombies
  2 sphinx zombies
  5 Orb Guardian zombies
  3 spectral protean progenitors
  A spectral catoblepas (Orc:2)
  A titan zombie (Vaults:5)
  4 storm dragon zombies
  3 deep elf knights
  2 spectral ettins
  A goliath frog (Swamp:2)
  A spectral hell hog (Lair:5)
  A ghost moth zombie (Zot:1)
  An anaconda zombie (Snake:4)
  4 bunyip zombies
  A shadow dragon zombie (Vaults:5)
  6 ugly thing zombies
  5 spectral humans
  2 fire giant zombies
  2 alligator zombies
  9 draconian zombies
  2 dire elephant zombies (Vaults:1)
  A black mamba (Snake:4)
  A mana viper zombie (Snake:2)
  A moth of wrath (Zot:3)
  A death yak zombie (Lair:3)
  7 purple draconian zombies
  A yellow draconian zombie (Zot:2)
  2 spectral sun demons
  A large abomination (Abyss:4)
  A redback zombie (Gauntlet)
  4 swamp worm zombies
  21 human zombies
  5 black draconian zombies
  2 white draconian zombies
  A yaktaur (Vaults:5)
  4 red draconian zombies
  3 hydra zombies
  An iron troll zombie (Depths:4)
  A harpy zombie (Vaults:2)
  2 bloated husks
  A great orb of eyes zombie (Slime:3)
  10 moth of wrath zombies
  A spectral yaktaur (D:12)
  2 guardian serpent zombies
  5 ettin zombies
  An ice dragon zombie (Swamp:4)
  A fire dragon zombie (Depths:4)
  An air elemental (Elf:1)
  5 black mamba zombies
  6 spriggan zombies
  A tyrant leech zombie (Swamp:2)
  A water elemental (Elf:1)
  A wind drake zombie (Abyss:4)
  3 slime creature zombies
  12 deep troll zombies
  3 spectral smoke demons
  A cane toad zombie (Lair:3)
  A spectral efreet (Abyss:4)
  A hornet zombie (Swamp:1)
  25 elf zombies
  3 elephant zombies (Lair:5)
  2 dream sheep zombies (D:10)
  A swamp dragon zombie (Swamp:4)
  A manticore zombie (D:12)
  A rime drake zombie (Lair:5)
  A kobold zombie (Orc:1)
  A spectral neqoxec (Abyss:4)
  8 yaktaur zombies
  4 salamander zombies (Snake:4)
  A spectral ynoxinul (Abyss:4)
  3 hell hound zombies (Lair:5)
  2 water moccasin zombies (Lair:1)
  4 tengu zombies
  2 wolf zombies (Lair:5)
  4 bullfrog zombies
  7 centaur zombies
  10 ogre zombies
  16 naga zombies
  A howler monkey zombie (D:9)
  2 hell rat zombies (Lair:5)
  A swamp drake zombie (Swamp:4)
  A spectral shadow imp (Abyss:4)
  An orc (Orc:1)
  9 gnoll zombies
  9 goblin zombies
  6 hobgoblin zombies
  41 orc zombies
  A spectral ufetubus (D:7)
  2 tentacles (Abyss:4)
358 creatures vanquished.

Grand Total: 2796 creatures vanquished

Notes
Turn   | Place    | Note
-------+----------+-------------------------------------------
     0 | D:1      | Implojin the Mountain Dwarf Monk began the quest for the
                  | Orb.
     0 | D:1      | Reached XP level 1. HP: 19/19 MP: 1/1
   348 | D:1      | Reached XP level 2. HP: 26/26 MP: 2/2
   902 | D:2      | Noticed Sigmund
   983 | D:1      | Reached skill level 4 in Unarmed Combat
  1218 | D:1      | Reached XP level 3. HP: 31/31 MP: 3/3
  1658 | D:2      | Noticed Jessica
  1683 | D:2      | Gained mutation: Your natural rate of healing is unusually
                  | fast. [potion of mutation]
  1683 | D:2      | Gained mutation: You expend magic power (3 MP) to
                  | strengthen your wands. [potion of mutation]
  1683 | D:2      | Gained mutation: You are strong-willed. (Will+) [potion of
                  | mutation]
  1683 | D:2      | Gained mutation: You possess an exceptional clarity of
                  | mind. [potion of mutation]
  1700 | D:2      | Killed Jessica
  1701 | D:2      | Reached skill level 5 in Unarmed Combat
  1701 | D:2      | Reached XP level 4. HP: 14/38 MP: 4/4
  2057 | D:3      | Noticed Ijyb
  2070 | D:3      | Killed Ijyb
  2248 | D:3      | Found a snail-covered altar of Cheibriados.
  2374 | D:3      | Reached XP level 5. HP: 26/45 MP: 5/5
  2663 | D:3      | Reached skill level 6 in Unarmed Combat
  2841 | D:4      | Found a white marble altar of Elyvilon.
  3204 | D:4      | Reached XP level 6. HP: 51/51 MP: 0/6
  3278 | D:4      | Reached skill level 7 in Unarmed Combat
  3423 | D:5      | Entered Level 5 of the Dungeon
  3457 | D:5      | Found an ancient bone altar of Kikubaaqudgha.
  3502 | D:5      | Found a white marble altar of Elyvilon.
  3625 | D:5      | Reached skill level 8 in Unarmed Combat
  3625 | D:5      | Reached XP level 7. HP: 57/57 MP: 7/7
  3667 | D:5      | Found a staircase to the Ecumenical Temple.
  3795 | D:5      | Reached skill level 9 in Unarmed Combat
  3928 | D:5      | Found an iron altar of Okawaru.
  4083 | D:5      | Reached skill level 10 in Unarmed Combat
  4083 | D:5      | Reached XP level 8. HP: 63/63 MP: 8/8
  4265 | D:5      | Found a radiant altar of Vehumet.
  4735 | D:5      | Found a basalt altar of Yredelemnul.
  4754 | D:5      | Reached skill level 11 in Unarmed Combat
  5003 | D:6      | Reached skill level 12 in Unarmed Combat
  5062 | D:6      | Reached XP level 9. HP: 71/71 MP: 9/9
  5180 | D:6      | Reached skill level 5 in Fighting
  5281 | D:6      | Found a shadowy altar of Dithmenos.
  5353 | D:6      | Found a sand-covered staircase.
  5361 | Ossuary  | Entered an ossuary
  5938 | D:6      | Found Amadgh's Antique Weapon Shop.
  6154 | D:6      | Found a hide-covered altar of Uskayaw.
  6545 | Temple   | Entered the Ecumenical Temple
  6572 | D:5      | Became a worshipper of Yredelemnul the Fallen
  6572 | D:5      | Reached * piety under Yredelemnul
  6572 | D:5      | Reached ** piety under Yredelemnul
  6750 | D:7      | Reached skill level 13 in Unarmed Combat
  6876 | D:7      | Found a stormy altar of Qazlal.
  7430 | D:7      | Found an ancient bone altar of Kikubaaqudgha.
  7491 | D:8      | Found a sparkling altar of Nemelex Xobeh.
  7518 | D:8      | Reached *** piety under Yredelemnul
  7800 | D:8      | Reached XP level 10. HP: 76/86 MP: 10/10
  8276 | D:9      | Found a shimmering altar of Xom.
  8549 | D:9      | Reached **** piety under Yredelemnul
  8550 | D:9      | Found a flagged portal.
  8561 | Bailey   | Entered a bailey
  8625 | Bailey   | Reached skill level 14 in Unarmed Combat
  8746 | Bailey   | HP: 4/86 [orc warrior/+0 broad axe (19)]
  8855 | Bailey   | Reached ***** piety under Yredelemnul
  8919 | Bailey   | Noticed an orc knight
  8919 | Bailey   | Noticed an orc warlord
  9012 | Bailey   | Killed an orc knight
  9013 | Bailey   | Reached skill level 15 in Unarmed Combat
  9013 | Bailey   | Reached skill level 1 in Throwing
  9108 | Bailey   | Acquired 1034 gold pieces
  9110 | Bailey   | Acquired a +0 pair of gloves of strength
  9145 | Bailey   | Killed an orc warlord
  9458 | D:9      | Found a glowing golden altar of the Shining One.
  9482 | D:9      | Reached skill level 1 in Invocations
  9524 | D:9      | Found a hazy altar of Hepliaklqana.
 10090 | D:9      | Found a shimmering blue altar of Sif Muna.
 10174 | D:10     | Entered Level 10 of the Dungeon
 10179 | D:10     | Found an opulent altar of Gozag.
 10223 | D:10     | Reached XP level 11. HP: 91/92 MP: 14/14
 10404 | D:10     | Reached skill level 5 in Invocations
 10419 | D:10     | Noticed a sun demon
 10496 | D:10     | Found a staircase to the Orcish Mines.
 10499 | D:10     | Found a roughly hewn altar of Beogh.
 10721 | D:11     | Noticed a boulder beetle
 10734 | D:11     | Noticed a green ugly thing
 10735 | D:11     | Killed a boulder beetle
 10741 | D:11     | Killed a green ugly thing
 10817 | D:11     | Noticed a centaur warrior
 10827 | D:11     | Killed a centaur warrior
 11016 | D:11     | Reached skill level 10 in Invocations
 11252 | D:11     | Found a staircase to the Lair.
 11326 | D:11     | Reached skill level 5 in Armour
 11886 | D:12     | Noticed Erolcha
 11902 | D:12     | Killed Erolcha
 11906 | D:12     | Identified the +0 robe of Periwinkles {Harm Int+5}
 12222 | D:12     | Noticed a centaur warrior
 12234 | D:12     | Noticed a deep elf pyromancer
 12243 | D:12     | Your ally Erolcha died
 12267 | D:12     | Killed a centaur warrior
 12268 | D:12     | Reached XP level 12. HP: 46/100 MP: 13/19
 12483 | D:13     | Noticed a centaur warrior
 12489 | D:13     | Reached skill level 10 in Armour
 12494 | D:13     | Killed a centaur warrior
 12616 | D:13     | Noticed Josephine
 12628 | D:13     | Killed Josephine
 12628 | D:13     | Bound Josephine
 12712 | D:13     | Noticed a tengu warrior
 12725 | D:13     | Killed a tengu warrior
 13525 | D:14     | Noticed a tengu warrior
 13532 | D:14     | Reached skill level 16 in Unarmed Combat
 13548 | D:14     | Killed a tengu warrior
 13758 | Lair:1   | Entered Level 1 of the Lair of Beasts
 13874 | Lair:1   | Reached skill level 17 in Unarmed Combat
 14228 | Lair:1   | Identified the +6 war axe of Darkness {elec, *Noise rElec
                  | Will++ rCorr}
 14351 | Lair:1   | Reached XP level 13. HP: 101/105 MP: 20/20
 14756 | Lair:2   | Found a staircase to the Swamp.
 14756 | Lair:2   | Noticed an eleionoma
 14771 | Lair:2   | Killed an eleionoma
 14784 | Lair:2   | Got Kodghauqi's Discursus on the Grim Mantle
 14796 | Lair:2   | Reached skill level 18 in Unarmed Combat
 15711 | Lair:3   | You fall into a shaft and drop 1 floor!
 15713 | Lair:4   | Acquired the +1 buckler of Gudu {rC+ Will+ Regen+}
 15760 | Lair:4   | Found a gate leading to a gauntlet.
 15779 | Lair:4   | Reached skill level 1 in Shields
 15795 | Lair:4   | Found a staircase to the Slime Pits.
 15796 | Lair:4   | Found a viscous altar of Jiyva.
 15927 | Lair:4   | Reached skill level 5 in Shields
 16066 | Gauntlet | Entered a Gauntlet
 16066 | Gauntlet | Found a transporter.
 16066 | Gauntlet | Found a transporter.
 16066 | Gauntlet | Found a transporter.
 16070 | Gauntlet | Found a transporter.
 16071 | Gauntlet | Found a transporter.
 16091 | Gauntlet | Found a transporter.
 16150 | Gauntlet | Found a transporter.
 16164 | Gauntlet | Found a transporter.
 16179 | Gauntlet | Found a transporter.
 16193 | Gauntlet | Found a transporter.
 16208 | Gauntlet | Found a transporter.
 16216 | Gauntlet | Found a transporter.
 16320 | Gauntlet | Identified the +0 pair of gloves of the Lion {rF+}
 16351 | Gauntlet | Identified the staff "Mump" {+Blink rElec Air}
 16373 | Gauntlet | Identified the +0 tower shield of Nemelex Xobeh {Harm
                  | Int+3}
 16373 | Gauntlet | Noticed a minotaur
 16377 | Gauntlet | Your ally Josephine died
 16388 | Gauntlet | Killed a minotaur
 16401 | Gauntlet | Got Ruteajux's Precepts of Bewitchment
 16404 | Gauntlet | Identified the -2 pair of boots of Atheism {rF+ Str+2}
 16844 | Lair:3   | Identified the +0 robe of the Blessed Realm {Str+2 Dex+2}
 16846 | Lair:3   | Found a staircase to the Snake Pit.
 16861 | Lair:3   | Reached XP level 14. HP: 23/113 MP: 24/24
 16941 | Lair:3   | Reached skill level 15 in Invocations
 17583 | Lair:5   | Entered Level 5 of the Lair of Beasts
 17723 | Lair:5   | Reached skill level 19 in Unarmed Combat
 17836 | Lair:5   | Got an earthy gem with 310 turns to spare
 18120 | Lair:5   | Acquired the +3 warlock's mirror {omnireflect}
 18120 | Lair:5   | Found the +3 warlock's mirror {omnireflect}
 18168 | Lair:5   | Lost the earthy gem through the power of Zot.
 18642 | Lair:5   | Reached skill level 20 in Unarmed Combat
 18661 | Lair:5   | Got the Directory of Decantation
 18664 | Lair:5   | Identified the +6 short sword of Vepyroq {drain, rN+}
 18670 | Lair:5   | Got Sif Muna's Omnibus of Frostbite
 19415 | D:6      | Found a shadowy altar of Dithmenos.
 19492 | D:6      | Found a hide-covered altar of Uskayaw.
 19526 | D:6      | Found Amadgh's Antique Weapon Shop.
 19866 | D:7      | Found a stormy altar of Qazlal.
 20069 | D:7      | Found an ancient bone altar of Kikubaaqudgha.
 21018 | D:2      | Killed Sigmund
 21018 | D:2      | Bound Sigmund
 21197 | D:2      | Found a faded altar of an unknown god.
 22041 | D:14     | Reached XP level 15. HP: 118/118 MP: 26/26
 22182 | D:14     | Found a gate to the Vaults.
 22452 | D:15     | Entered Level 15 of the Dungeon
 22639 | D:15     | Reached skill level 21 in Unarmed Combat
 22853 | D:15     | Found Qiynipy's Armour Shoppe.
 22901 | D:15     | Found a staircase to the Depths.
 23167 | D:15     | Found Ypaulop's Armour Shoppe.
 23318 | Orc:1    | Entered Level 1 of the Orcish Mines
 23470 | Orc:1    | Identified the +1 hat "Wagedas" {Str+3 Int+6 SInv}
 23664 | Orc:1    | Noticed Snorg
 23684 | Orc:1    | Killed Snorg
 23983 | Orc:2    | Entered Level 2 of the Orcish Mines
 24062 | Orc:2    | Found a staircase to the Elven Halls.
 24174 | Orc:2    | Found Beojullo's Antique Armour Shop.
 24175 | Orc:2    | Found Guteag's General Store.
 24175 | Orc:2    | Found Piett's Jewellery Shop.
 24175 | Orc:2    | Found Vizuebok's Antique Armour Shoppe.
 24190 | Orc:2    | Reached skill level 22 in Unarmed Combat
 24278 | Orc:2    | Bought a potion of heal wounds for 60 gold pieces
 24278 | Orc:2    | Bought a scroll of teleportation for 36 gold pieces
 25037 | Orc:2    | Bought a glowing scarf for 304 gold pieces
 25044 | Orc:2    | Bought a +5 ring of evasion for 504 gold pieces
 25044 | Orc:2    | Bought a ring of willpower for 350 gold pieces
 25311 | Snake:1  | Entered Level 1 of the Snake Pit
 25331 | Snake:1  | Reached skill level 10 in Fighting
 26034 | Snake:1  | Reached XP level 16. HP: 114/138 MP: 27/27
 26856 | Snake:2  | Noticed Vashnia
 26911 | Snake:2  | Killed Vashnia
 26911 | Snake:2  | Bound Vashnia
 28821 | Snake:4  | Entered Level 4 of the Snake Pit
 28821 | Snake:4  | Noticed eruonna's ghost (adept MiBe)
 28821 | Snake:4  | Found a runed translucent gate.
 28821 | Snake:4  | Found a runed translucent gate.
 28821 | Snake:4  | Found a runed translucent gate.
 28976 | Snake:4  | Reached skill level 15 in Fighting
 29081 | Snake:4  | Noticed Donald
 29095 | Snake:4  | Killed Donald
 29433 | Snake:4  | Identified the serpent talisman of Complete Protection {Fly
                  | rF++}
 29433 | Snake:4  | Noticed Aizul
 29577 | Snake:4  | Noticed Agnes
 29585 | Snake:4  | Killed Agnes
 29663 | Snake:4  | Killed Aizul
 29722 | Snake:4  | Reached skill level 10 in Shields
 29774 | Snake:4  | Reached XP level 17. HP: 85/156 MP: 28/28
 29781 | Snake:4  | HP: 6/156 [salamander tyrant (34)]
 30127 | Snake:4  | Got a serpentine rune of Zot
 30244 | Snake:4  | Killed eruonna's ghost
 30428 | Swamp:1  | Entered Level 1 of the Swamp
 30511 | Swamp:1  | Noticed Nikola
 30520 | Swamp:1  | Noticed Louise
 30522 | Swamp:1  | Killed Nikola
 30538 | Swamp:1  | Killed Louise
 30543 | Swamp:1  | Noticed Kirke
 30552 | Swamp:1  | Killed Kirke
 30700 | Swamp:1  | Found a stormy altar of Qazlal.
 31583 | Swamp:3  | Noticed Jorgrun
 31592 | Swamp:3  | Killed Jorgrun
 31655 | Swamp:3  | Reached skill level 15 in Shields
 31688 | Swamp:3  | Identified the +1 chain mail of Sorcery {Harm ^Drain rCorr
                  | Int+6}
 32017 | Swamp:3  | Acquired a manual of Armour
 32022 | Swamp:4  | Entered Level 4 of the Swamp
 32107 | Swamp:4  | Found a runed translucent door.
 32107 | Swamp:4  | Noticed javelincjr's ghost (journeyman DsWr)
 32140 | Swamp:4  | Reached ****** piety under Yredelemnul
 32167 | Swamp:4  | Your ally Vashnia died
 32172 | Swamp:4  | HP: 7/156 [seven-headed hydra (10)]
 32333 | Swamp:4  | Identified the +0 helmet of the Sea {rF+ Str-2 Dex+2 SInv}
 32387 | Swamp:4  | Killed javelincjr's ghost
 32413 | Swamp:4  | Reached XP level 18. HP: 163/163 MP: 27/29
 32618 | Swamp:4  | Got a decaying rune of Zot
 33167 | Vaults:1 | Entered Level 1 of the Vaults
 33483 | Vaults:1 | Reached skill level 15 in Armour
 33762 | Vaults:1 | Found Jag Hiam's Book Shop.
 33950 | Vaults:1 | Found a crumbling gateway.
 33958 | Desolati | Entered the Desolation of Salt
 34002 | Desolati | Got Sif Muna's Folio of the Unemployed Unperson
 34215 | Desolati | Got Dogoloit's Papyrus of Rocky Maleficia
 34370 | Desolati | Got the Dissertation on Necromancy and Leadership
 34562 | Desolati | Got the Octavo of the Union
 34584 | Desolati | Identified the ring of Qijutarr {*Corrode rN+ Will+ MP+9
                  | Int+3 Dex+6}
 34743 | Desolati | Reached XP level 19. HP: 136/172 MP: 30/30
 37265 | Vaults:2 | Noticed Asterion
 37271 | Vaults:2 | Killed Asterion
 37534 | Vaults:2 | Found Ipneutzu's Magic Scroll Shop.
 37542 | Vaults:2 | Bought a scroll of acquirement for 728 gold pieces
 37542 | Vaults:2 | Bought a scroll of revelation for 105 gold pieces
 37542 | Vaults:2 | Bought a scroll of revelation for 105 gold pieces
 37542 | Vaults:2 | Bought a scroll of teleportation for 42 gold pieces
 37542 | Vaults:2 | Bought a scroll of immolation for 56 gold pieces
 37546 | Vaults:2 | Acquired 654 gold pieces
 38473 | Vaults:3 | Paralysed by a formless jellyfish for 1 turns
 38515 | Vaults:3 | Found a magical portal.
 38520 | WizLab   | Entered Maxwell's Workshop
 38967 | WizLab   | Noticed an electric golem
 38982 | WizLab   | Killed an electric golem
 39064 | WizLab   | Identified the +7 halberd "Orreeny" {speed, rN+ Str+5}
 39648 | Vaults:3 | Reached XP level 20. HP: 181/182 MP: 31/31
 39679 | Vaults:3 | Found a staircase to the Crypt.
 40783 | Vaults:4 | Found a portal to a secret trove of treasure.
 41288 | Vaults:4 | Paralysed by a formless jellyfish for 1 turns
 42079 | Depths:1 | Entered Level 1 of the Depths
 42079 | Depths:1 | Found Jichuf's Clear Minds Boutique.
 42088 | Depths:1 | Bought the amulet of Koifues {Reflect rElec rPois Regen+
                  | SH+5 Clar} for 933 gold pieces
 42392 | Depths:1 | Reached XP level 21. HP: 151/201 MP: 32/32
 42511 | Depths:1 | Found a gateway to Hell.
 42601 | Depths:1 | Identified the +5 plate armour of Lucidity {Dex+5}
 43116 | Depths:2 | Reached skill level 23 in Unarmed Combat
 43358 | Depths:2 | Found a one-way gate leading to the halls of Pandemonium.
 43366 | Depths:2 | Found a shadowy altar of Dithmenos.
 43373 | Depths:2 | Noticed the Enchantress
 43382 | Depths:2 | Killed the Enchantress
 43896 | Depths:2 | Noticed a golden dragon
 43907 | Depths:2 | Killed a golden dragon
 43940 | Depths:2 | Noticed a juggernaut
 43949 | Depths:2 | Killed a juggernaut
 43950 | Depths:2 | Reached skill level 24 in Unarmed Combat
 44052 | Depths:2 | Identified the ring of Wu Jian's Castigation {rElec Slay+4}
 44476 | Depths:3 | Identified the ring of Petees {Ice rElec Will+ Int+3}
 44478 | Depths:3 | Identified the +6 demon trident of Lyel {freeze, rPois
                  | Will++}
 44513 | Depths:3 | Noticed a juggernaut
 44521 | Depths:3 | Killed a juggernaut
 44581 | Depths:3 | Found a one-way gate to the infinite horrors of the Abyss.
 44581 | Depths:3 | Noticed a caustic shrike
 44583 | Depths:3 | Noticed a golden dragon
 44584 | Depths:3 | Killed a caustic shrike
 44596 | Depths:3 | Killed a golden dragon
 44597 | Depths:3 | Reached skill level 25 in Unarmed Combat
 44623 | Depths:3 | Identified the amulet of Midwinter {Faith Rampage Int-2
                  | Dex-5 Slay+4}
 44707 | Depths:3 | Identified the +4 fire dragon scales of Feasting {Harm rF++
                  | rC- Slay+3}
 44710 | Depths:3 | Got the Catalogue of Hexing and the Blaze
 45034 | Depths:3 | Reached XP level 22. HP: 182/208 MP: 33/33
 45605 | Depths:4 | Entered Level 4 of the Depths
 45753 | Depths:4 | Noticed a golden dragon
 45760 | Depths:4 | Killed a golden dragon
 45831 | Depths:4 | Found a one-way gateway to a ziggurat.
 46032 | Depths:4 | Found a gate to the Realm of Zot.
 46774 | Elf:1    | Entered Level 1 of the Elven Halls
 47598 | Elf:1    | Got the Volume of Kindling
 47609 | Elf:1    | Got Acishroot's Volume of the Storm
 47616 | Elf:1    | Got the Verses on Hail
 47739 | Elf:1    | Identified the +1 mace of the Scavenger {drain, rN+ Str+7
                  | Int-3 Stlth+}
 47914 | Elf:1    | Identified the +1 war axe of the Mauling Gods {freeze, rC+
                  | Will+}
 48114 | Elf:2    | Noticed Roxanne
 48116 | Elf:2    | Found Beupt's Antique Weapon Emporium.
 48204 | Elf:2    | Paralysed by an air elemental for 1 turns
 48206 | Elf:2    | Paralysed by an air elemental for 1 turns
 48249 | Elf:2    | Found a runed translucent door.
 48278 | Elf:2    | Found a runed translucent door.
 48501 | Elf:2    | Paralysed by an air elemental for 1 turns
 48506 | Elf:2    | Paralysed by an air elemental for 1 turns
 48933 | Elf:2    | Noticed Zenata
 48947 | Elf:2    | Killed Zenata
 49338 | Elf:2    | Killed Roxanne
 49365 | Elf:3    | Entered Level 3 of the Elven Halls
 49529 | Elf:3    | Reached XP level 23. HP: 199/215 MP: 28/34
 49791 | Elf:3    | Identified the ring of the Invisible Hand {Fly rElec rC+
                  | Slay+4}
 49818 | Elf:3    | Identified the +1 morningstar of Daeckack {speed, rElec}
 49912 | Elf:3    | Identified the +9 falchion of Awniyzxi {antimagic, rN+
                  | Int+3}
 49985 | Elf:3    | Identified the +3 lajatang "Xozido" {drain, Str+7}
 50093 | Elf:3    | Identified the +7 chain mail of Liberalism {Str+5}
 50128 | Elf:3    | Identified the +1 cloak of Toasiwn {Will+}
 50129 | Elf:3    | Identified the ring "Daycapu" {rF++ rC+}
 50153 | Elf:3    | Identified the +3 hand axe "Wevvoimpi" {protect, rF+ rN+
                  | Int+3}
 50166 | Elf:3    | Identified the +1 quarterstaff of Dudde {venom, Will+ rCorr
                  | Int+2}
 50180 | Elf:3    | Identified the +5 scale mail of Joy {rC+++ rN+}
 50189 | Elf:3    | Identified the +4 rapier "Diesaog" {flame, rF+ Str+2
                  | Stlth+}
 50427 | Elf:3    | Acquired 751 gold pieces
 50547 | Elf:3    | Found a runed translucent gate.
 50548 | Elf:3    | Found a runed translucent gate.
 50549 | Elf:3    | Found a runed translucent gate.
 50550 | Elf:3    | Noticed MrSquiggles's ghost (adept MiFi)
 50592 | Elf:3    | Killed MrSquiggles's ghost
 50603 | Elf:3    | Identified the -2 cloak of Integrity {Will+}
 51175 | Vaults:5 | Entered Level 5 of the Vaults
 51215 | Vaults:5 | Reached skill level 5 in Dodging
 51674 | Vaults:5 | Identified the +3 leather armour "Kyafodu" {Stlth+}
 51805 | Vaults:5 | Identified the +7 ring mail of Death Resistance {rF+ Will+
                  | Str+3}
 51823 | Vaults:5 | Got a silver rune of Zot
 51861 | Vaults:5 | Identified the +5 spear "Jameth" {spect, rF++ Str+3}
 51901 | Vaults:5 | Identified the ring "Amorr" {rPois Int+4 Dex+2}
 51923 | Vaults:5 | Reached XP level 24. HP: 210/224 MP: 34/34
 51946 | Vaults:5 | Identified the +5 falchion "Potut" {pain, Str+3}
 52050 | Vaults:5 | Identified the ring "Vaxtitt" {Ice Int+6 Dex+3 Slay-3
                  | Stlth-}
 52129 | Vaults:5 | Reached skill level 10 in Dodging
 52183 | Vaults:5 | Identified the ring "Zaroban" {MP+9 AC+4 Int+4}
 53114 | Slime:1  | Entered Level 1 of the Pits of Slime
 53156 | Slime:3  | Gained mutation: Your magical capacity is low. (-10% MP) [a
                  | shining eye]
 53159 | Slime:3  | Gained mutation: You occasionally lose the ability to drink
                  | potions when taking damage. [a shining eye]
 53182 | Slime:5  | Entered Level 5 of the Pits of Slime
 53214 | Slime:5  | Noticed the Royal Jelly
 53230 | Slime:5  | Killed the Royal Jelly
 53242 | Slime:5  | Gained mutation: Your spells are a little easier to cast,
                  | but a little less powerful. [a shining eye]
 53295 | Slime:5  | Identified the +1 pair of gloves of the Monkey's Uncle {rC+
                  | MP+9 Int+3 Slay+2}
 53372 | Slime:5  | Identified the +1 ring mail of Laumehah {rF+}
 53378 | Slime:5  | Got a slimy rune of Zot
 53380 | Slime:5  | Identified the amulet of Desaimn {rPois rF+ RegenMP+ MP-9
                  | Int+2}
 53383 | Slime:5  | Got a starry gem with 380 turns to spare
 53384 | Slime:5  | Identified the ring of Divine Compulsion {rF+ Int+6}
 53457 | Slime:5  | Identified the +3 leather armour of Nycvuptyzu {^Contam
                  | rPois Dex+3}
 53515 | Slime:5  | Identified the staff "Idefisia" {*Corrode rPois rC+ Dex+3
                  | Fire Ice}
 53527 | Slime:5  | Identified the +10 quarterstaff of Cheibriados's Reproof
                  | {venom, rPois MP-9 Int+3 Dex+2}
 53590 | Lair:4   | Reached XP level 25. HP: 231/231 MP: 30/30
 53894 | Depths:3 | Voluntarily entered the Abyss.
 53899 | Abyss:2  | Found a corrupted altar of Lugonu.
 53910 | Abyss:2  | Found a runed translucent door.
 54179 | Abyss:4  | Got an abyssal rune of Zot
 54209 | Depths:3 | Escaped the Abyss
 54303 | Zot:1    | Entered Level 1 of the Realm of Zot
 55826 | Zot:2    | Reached XP level 26. HP: 228/229 MP: 30/30
 55952 | Zot:2    | Identified the +1 robe of Discretion {Str+2 Dex+2}
 56302 | Zot:2    | Found a transporter.
 56308 | Zot:2    | Noticed Caurgh's ghost (veteran OnBe)
 56342 | Zot:2    | Found a transporter.
 56398 | Zot:2    | Identified the +0 pair of boots "Ufain" {Stlth+}
 56424 | Zot:2    | Killed Caurgh's ghost
 56431 | Zot:2    | Identified the amulet of the Butterfly {Spirit Int+3 Dex+2}
 56492 | Zot:3    | Noticed an orb of fire
 56507 | Zot:3    | Killed an orb of fire
 56689 | Zot:3    | Reached XP level 27. HP: 264/264 MP: 30/30
 57529 | Zot:4    | Identified the amulet of Xefferats {Regen+ Dex+2 Slay+3}
 57601 | Zot:4    | Got Recondite Wisdom of Jabir
 58396 | Zot:5    | Entered Level 5 of the Realm of Zot
 58568 | Zot:5    | Noticed an orb of fire
 58572 | Zot:5    | Noticed an orb of fire
 58577 | Zot:5    | Noticed an orb of fire
 58581 | Zot:5    | Gained mutation: Armour fits poorly on your strangely
                  | shaped body. [an orb of fire]
 58587 | Zot:5    | Killed an orb of fire
 58595 | Zot:5    | Gained mutation: You are clumsy. (Dex -2) [an orb of fire]
 58601 | Zot:5    | Killed an orb of fire
 58606 | Zot:5    | Gained mutation: Your magical capacity is very low. (-20%
                  | MP) [an orb of fire]
 58607 | Zot:5    | Killed an orb of fire
 58663 | Zot:5    | Noticed an orb of fire
 58663 | Zot:5    | Gained mutation: You are weak. (Str -2) [an orb of fire]
 58664 | Zot:5    | Noticed an ancient lich
 58688 | Zot:5    | Noticed a dread lich
 58693 | Zot:5    | Killed an orb of fire
 58720 | Zot:5    | Killed an ancient lich
 58729 | Zot:5    | Killed a dread lich
 58827 | Zot:5    | Lost mutation: You are weak. (Str -2) [potion of mutation]
 58827 | Zot:5    | Lost mutation: Your magical capacity is very low. (-20% MP)
                  | [potion of mutation]
 58827 | Zot:5    | Lost mutation: Your spells are a little easier to cast, but
                  | a little less powerful. [potion of mutation]
 58827 | Zot:5    | Gained mutation: Your spells are a little harder to cast,
                  | but a little more powerful. [potion of mutation]
 58827 | Zot:5    | Gained mutation: You are robust. (+10% HP) [potion of
                  | mutation]
 58828 | Zot:5    | eh
 58952 | Zot:5    | Reached skill level 26 in Unarmed Combat
 58999 | Zot:5    | Noticed an orb of fire
 59039 | Zot:5    | Gained mutation: You occasionally lose the ability to read
                  | scrolls when taking damage. [an orb of fire]
 59045 | Zot:5    | Killed an orb of fire
 59058 | Zot:5    | Noticed an ancient lich
 59071 | Zot:5    | Killed an ancient lich
 59301 | Zot:5    | Identified the +6 plate armour of Peek-a-Boo {rElec Stlth+}
 59994 | Zot:5    | Got the Orb of Zot
 60017 | Zot:5    | Noticed Cebuisucs the pandemonium lord
 60249 | Zot:1    | Noticed Xaluog the pandemonium lord
 60301 | Zot:1    | Killed Xaluog the pandemonium lord
 60635 | D:6      | Noticed Jafoez the pandemonium lord
 60656 | D:6      | Killed Jafoez the pandemonium lord
 60657 | D:6      | Reached skill level 27 in Unarmed Combat
 60679 | D:6      | Noticed Ygoukh the pandemonium lord
 60791 | D:1      | :new yred seems beast
 60792 | D:$      | Escaped with the Orb!

Illustrated notes *^,,,,,,,,,,,,^^,,, *,,,,,,,,,,,^,,,,,, *,,,,,,,,,,,,,,,,,, *,,,,,,,,,,,,,,,,,, **,,,,,,,,,,,,,,,,, **,,,,,,,,,,,,,,,, **,,,,,,,,,,,,,^* ▓▓▓▓##*****######### #..@Z## #........ ##..Z.## ##....... ##....#####.......# ##...............# ##............... ##...^.......... ##............. ##...........) ##........... Turn 58828 on Zot:5: eh

##.##Z........#
##.##Z.######.#### ######
...>.......##....###########.....
.#.#.....÷...................####
.#.#.#####.#####.#####.#####.####
.#....###...###...###...###..#...
...#...#.....#.....#.....#.......
####....#####.......#####....#.##
#.....###....@....###.......#
##.....#...........#......###
##......#####.#####.....#.#
##........###...###.....##.#
##........°°#.....#.....###.##
##...........Z#####.....## #..##
#......2......°###.....#####...##
+...............#................
#.........##...÷.....#######...##


Turn 60791 on D:1: :new yred seems beast

Levels and vault maps discovered:
D:1:      onia_arrival_pyramid, layout_loops_corners, minmay_pentomino_v2
D:2:      layout_loops_ring, shapermc_ecumenical_altar_mp_vishouse,
          kennysheep_generic_room_5, uniq_sigmund, uniq_jessica
D:3:      layout_loops_ring, mainiacjoe_overflow_concentric_impassable,
          uniq_ijyb
D:4:      layout_cave_pools, mainiacjoe_overflow_catwalk, grunt_ministairs_11
D:5:      layout_loops_corners, lemuel_round_altar,
          lemuel_mausoleum_altar_yredelemnul, okawaru_trees_2, temple_fountains,
          kennysheep_another_room, minivault_11, hangedman_feature_mirror
D:6:      layout_gridville, lemuel_doored_altar, nicolae_uskayaw_suspiria,
          serial_shops, shop_statue, nicolae_ossuary_entry_plus
D:7:      layout_basic, kennysheep_vampire_church,
          mainiacjoe_overflow_six_doors_small, serial_demonic, serial_demonic_b,
          serial_demonic_c, serial_demonic_f, serial_demonic_f,
          serial_demonic_c, serial_demonic_g, serial_demonic_c
D:8:      layout_basic, nemelex_diamond_rough_becter, minivault_4
D:9:      layout_gridville, mainiacjoe_overflow_24_doors, lemuel_tele_altar,
          nicolae_tso_carved_into_rock, mainiacjoe_overflow_alcove_1,
          enter_bailey_3
D:10:     layout_rooms, mainiacjoe_overflow_boulevard, david_orc_5,
          dreamdust_gnoll_shepherd
D:11:     layout_rooms, erik_lair_dragon, serial_glass, glass_columns_a,
          glass_columns_a
D:12:     layout_long_grid, serial_bayou_pond_c, hangedman_abyss_or_decor_stabs,
          grunt_potential, uniq_erolcha
D:13:     layout_irregular_city, uniq_josephine
D:14:     layout_rooms, david_vaults_1, serial_rivers,
          chequers_serial_rivers_micro_a, chequers_serial_rivers_micro_e,
          chequers_serial_rivers_small_3, chequers_serial_rivers_small_a,
          wad_dig_loot
D:15:     grunt_enter_depths_hoard, layout_basic, serial_shops,
          nicolae_shop_advertising_works [nicolae_subvault_shop_adworks],
          nicolae_shop_rolling_square
Temple:   hellmonk_temple_beads
Lair:1:   layout_misc_corridors, special_room [special_room_bee],
          pdpol_lair_neglected_garden, lemuel_fruit_tree
Lair:2:   layout_cave_pods, alex1729_swamp_entry_worm_eleionoma
Lair:3:   layout_chaotic_city, minmay_snake_entry_guardpost_large,
          nicolae_quartered_pool_impasse
Lair:4:   layout_roguey, slime_entry_1, gauntlet_entry_generic
Lair:5:   hangedman_lair_caniforms_friends, layout_regular_city,
          minmay_lindwurm_lava, infiniplex_staircase_pool, serial_bayou_shore_a
Swamp:1:  layout_basic_swamp, basic_altar, swamp_pool_3,
          nicolae_swamp_nymph_family_reunion, nicolae_swamp_decorative_isthmus,
          uniq_nikola, uniq_kirke, uniq_louise
Swamp:2:  nicolae_swamp_ascending_descending_big, layout_basic_swamp,
          infiniplex_staircase_pool_2, swamp_pool_1_2,
          nicolae_swamp_some_circles, nicolae_swamp_super_fun_site
Swamp:3:  layout_falls_marsh, nicolae_swamp_stuck_in_the_mud, uniq_jorgrun
Swamp:4:  swamp_alternative, layout_basic_swamp, gammafunk_ghost_grave
Snake:1:  layout_rooms, nicolae_snake_snake_lake, st_stairs_14,
          nicolae_snake_slithery_corners, nicolae_snake_double_loop
Snake:2:  layout_basic, grunt_ministairs_3, uniq_vashnia
Snake:3:  layout_grid_maze
Snake:4:  johnstein_snake_rune_scales, layout_concentric_octagons,
          ebering_ghost_rock_garden, uniq_aizul, uniq_agnes, uniq_donald
Slime:1:  layout_caves
Slime:2:  layout_caves
Slime:3:  layout_caves
Slime:4:  layout_caves
Slime:5:  slime_pit_nicolae_inversion
Orc:1:    cheibrodos_orc_bank, layout_diamond_mine, hangedman_minor_magic,
          uniq_snorg
Orc:2:    st_orc_ogre_mass, layout_caves, mines3_lemuel
Elf:1:    eino_elf_arrival_the_gate, layout_geoelf_octagon,
          nicolae_elf_crossing_hall, nicolae_elf_elemental_lessons
Elf:2:    elven_hall_of_blades_hangedman_original
          [nicolae_blade_entry_splitting_headache], layout_loops_corners,
          serial_shops, nicolae_shop_peninsula, minivault_16, uniq_zenata,
          uniq_roxanne
Elf:3:    grunt_elf_hall_diamonds, layout_geoelf_diagonals,
          gammafunk_ghost_tricky_traps
Vaults:1: portal_desolation_entry_garden, hangedman_vaults_stream, serial_ice_m,
          vaults_mumra_minichess_inversion, nicolae_vaults_closet_pinwheel_6,
          nicolae_vaults_hexular_roomagon, vaults_standard_mumra_x,
          nicolae_vaults_windows_and_doors_thing,
          nicolae_vaults_network_periphery, ontoclasm_vaults_twist,
          nicolae_vaults_security_offices_2,
          nicolae_vaults_variable_pillar_hall, layout_vaults_omnicross,
          serial_shops, shop
Vaults:2: vaults_room_grid, nicolae_vaults_frosty_reception,
          nicolae_vaults_what_the_h, nicolae_vaults_tetromino_T_1,
          vaults_room_fancy_cross, vaults_dpeg_diagonal,
          dpeg_vaults_monster_row, vaults_mumra_lcd, ontoclasm_vaults_shuriken,
          layout_vaults_omnigrid, serial_shops, shop, uniq_asterion
Vaults:3: mu_enter_wizlab_1, minmay_crypt_entry_skeletal_spiral,
          nicolae_vaults_tangram_1, dpeg_vaults_monster_row,
          dpeg_vaults_monster_row, nicolae_vaults_double_plus_3,
          nicolae_vaults_sealed_display, nicolae_vaults_storage_closets_2,
          v_misc_11, vaults_mumra_hex, nicolae_vaults_octothorpe,
          vaults_dpeg_emergency_exit, v_alt_pattern_1,
          nicolae_vaults_oval_intersection, layout_vaults_ring
Vaults:4: v_misc_10, nicolae_vaults_little_squares_3,
          nicolae_vaults_sightless_eye, v_misc_12,
          nicolae_vaults_shipping_containers_4, v_misc_28,
          nicolae_vaults_mitosis, v_misc_10, nicolae_vaults_oval_intersection,
          vaults_room_hallway, layout_vaults_omnibox,
          nicolae_trove_entry_crossroad
Vaults:5
Depths:1: layout_gridlike, minmay_misc_feat_tower, hellmouth_1,
          nicolae_clarity_for_sale
Depths:2: minmay_nine_rooms, layout_gridlike, pan_entry, grunt_dithmenos_smoke,
          hell_entry, serial_bayou_shore_b, infiniplex_staircase_zigzag_5,
          serial_bayou_shore_b, uniq_enchantress
Depths:3: minmay_broken_ring, layout_honeycomb, corexii_hall_statues_deadend,
          hellmouth_2, abyss_entry
Depths:4: grunt_twist_and_shout, layout_gridville, enter_ziggurat_f, hell_entry,
          nrook_uturn
Zot:1:    bobbens_index_wilting_gardens, layout_onion_interference,
          regret_index_zotdec_icy_dp
Zot:2:    layout_onion_interference, gammafunk_ghost_berserking_beasts
Zot:3:    layout_misc_corridors
Zot:4:    cheibrodos_zot_enchanting_chambers, layout_misc_corridors,
          regret_index_zotdec_obsidian_hm
Zot:5:    layout_onion

Skill      XL: |  1  2  3  4  5  6  7  8  9 10 11 12 13 14 15 16 17 18 19 20 21 22 23 24 25 26 27 |
---------------+----------------------------------------------------------------------------------+-----
Unarmed Combat | 4 5 6 8 10 12 13 15 17 18 20 22 25 27 | 27.0
Fighting       | 7 11 15 16 17 20 21 24 25 | 25.0
Throwing       | 3 |  3.0
Armour         | 2 8 10 18 21 22 25 | 25.0
Invocations    | 4 10 14 15 | 15.0
Shields        | 6 10 16 17 22 23 25 | 25.3
Dodging        | 9 12 | 12.0

Action                     |  1- 3 |  4- 6 |  7- 9 | 10-12 | 13-15 | 16-18 | 19-21 | 22-24 | 25-27 || total
---------------------------+-------+-------+-------+-------+-------+-------+-------+-------+-------++-------
  Melee: Unarmed           |   119 |   146 |   385 |   548 |  1081 |  1089 |  1260 |   919 |  1237 ||  6784
         Short sword       |       |       |    10 |       |       |       |       |       |       ||    10
         Punch             |       |       |     2 |    24 |       |       |       |       |       ||    26
  Throw: Stone             |     1 |       |       |       |       |       |       |       |       ||     1
         Dart              |     1 |       |     4 |     4 |       |       |     1 |       |       ||    10
         Boomerang         |       |       |       |     4 |     3 |     6 |       |       |       ||    13
         Throwing net      |       |       |       |     3 |       |     1 |       |       |     1 ||     5
 Invoke: Light the Black T |       |       |     2 |     8 |     8 |     9 |     7 |     7 |     5 ||    46
         Recall Undead Har |       |       |       |     8 |     8 |    19 |     6 |     7 |     6 ||    54
         Hurl Torchlight   |       |       |       |     6 |     3 |     1 |       |     1 |       ||    11
         Bind Soul         |       |       |       |     2 |     4 |     7 |     2 |     5 |     6 ||    26
         Fathomless Shackl |       |       |       |     1 |     5 |     6 |     3 |     3 |     4 ||    22
  Evoke: Wand              |       |     7 |     6 |     2 |     3 |     1 |     1 |       |     2 ||    22
         Sack of spiders   |       |       |       |     1 |     2 |     4 |     1 |       |     1 ||     9
         Phantom mirror    |       |       |       |       |     1 |     3 |       |     1 |       ||     5
         Phial of floods   |       |       |       |       |       |     1 |       |       |       ||     1
    Use: Scroll            |     2 |     4 |    11 |    12 |    11 |    17 |     5 |     7 |     8 ||    77
         Potion            |     3 |       |       |     7 |     6 |    24 |     3 |     4 |    21 ||    68
   Stab: Held in net/web   |       |       |       |     3 |     1 |     1 |       |       |     2 ||     7
         Distracted        |       |       |       |     4 |    11 |    19 |    26 |    19 |    28 ||   107
         Petrified         |       |       |       |       |    26 |       |       |       |       ||    26
         Sleeping          |       |       |       |       |     5 |    10 |       |       |       ||    15
         Petrifying        |       |       |       |       |     4 |       |       |       |       ||     4
         Fleeing           |       |       |       |       |       |       |       |       |     1 ||     1
         Invisible         |       |       |       |       |       |       |       |       |     1 ||     1
 Armour: Robe              |    62 |     5 |       |       |       |       |       |       |       ||    67
         Ring mail         |       |   103 |   217 |       |       |       |       |       |       ||   320
         Scale mail        |       |       |     2 |   480 |   222 |       |       |       |       ||   704
         Skin              |       |       |       |    16 |       |       |       |       |       ||    16
         Shadow dragon sca |       |       |       |       |   674 |   782 |    43 |       |       ||  1499
         Storm dragon scal |       |       |       |       |       |       |   169 |       |       ||   169
         Plate armour      |       |       |       |       |       |       |   423 |   470 |   641 ||  1534
  Dodge: Dodged            |    88 |    63 |   167 |   290 |   472 |   353 |   341 |   141 |   210 ||  2125
  Block: Buckler           |       |       |       |    50 |   271 |    38 |       |       |       ||   359
         Tower shield      |       |       |       |       |       |   877 |  1199 |   990 |  1307 ||  4373
         Reflection        |       |       |       |       |       |       |     5 |    83 |    21 ||   109

Table legend: (Time is in decaauts)
 A = Elapsed time spent in this place.
 B = Non-inter-level travel time spent in this place.
 C = Inter-level travel time spent in this place.
 D = Time resting spent in this place.
 E = Time spent auto-exploring this place.
 F = Levels seen in this place.
 G = Mean time per level.
                   A        B        C        D        E       F      G
               +--------+--------+--------+--------+--------+-----+--------+
         Total |  60457 |  54599 |   5858 |   1824 |  33308 |  62 |  975.1 |
       Dungeon |  18189 |  15531 |   2658 |    731 |  10597 |  15 | 1212.6 |
        Temple |      1 |      1 |      0 |      0 |      0 |   1 |    1.0 |
          Lair |   4666 |   4245 |    421 |     34 |   2637 |   5 |  933.2 |
         Swamp |   2779 |   2510 |    269 |     80 |   1613 |   4 |  694.8 |
     Snake Pit |   4949 |   4742 |    207 |    348 |   3131 |   4 | 1237.2 |
    Slime Pits |    402 |    402 |      0 |      0 |      0 |   5 |   80.4 |
  Orcish Mines |   1840 |   1523 |    317 |     16 |    890 |   2 |  920.0 |
   Elven Halls |   4239 |   3928 |    311 |      0 |   2663 |   3 | 1413.0 |
        Vaults |   7894 |   7269 |    625 |      0 |   4197 |   5 | 1578.8 |
        Depths |   4989 |   4285 |    704 |      3 |   2956 |   4 | 1247.2 |
           Zot |   5995 |   5655 |    340 |    243 |   3376 |   5 | 1199.0 |
         Abyss |    261 |    261 |      0 |      0 |      0 |   4 |   65.2 |
       Ossuary |    394 |    394 |      0 |     25 |    146 |   1 |  394.0 |
        Bailey |    736 |    736 |      0 |     60 |    135 |   1 |  736.0 |
        Wizlab |    633 |    633 |      0 |     86 |    119 |   1 |  633.0 |
    Desolation |   1993 |   1993 |      0 |    198 |    845 |   1 | 1993.0 |
      Gauntlet |    488 |    488 |      0 |      0 |      0 |   1 |  488.0 |
               +--------+--------+--------+--------+--------+-----+--------+

Top non-repeatable levels by time:
     D:1: 2018 daAuts
Desolation: 1993 daAuts
     D:6: 1858 daAuts
Vaults:3: 1846 daAuts
   Zot:1: 1777 daAuts
Vaults:1: 1702 daAuts
     D:5: 1666 daAuts
   Zot:5: 1586 daAuts
Vaults:5: 1500 daAuts
Depths:3: 1493 daAuts
Vaults:2: 1472 daAuts
     D:7: 1462 daAuts
   Elf:2: 1437 daAuts
   Elf:3: 1437 daAuts
 Snake:4: 1425 daAuts
